 Dungeon Crawl Stone Soup version 0.31-a0-216-g22e908daa7 (webtiles) character file.

Game seed: 15413531065493852749

1793 qw the Cleaver (level 9, 0/56 HPs)
             Began as a Gargoyle Fighter on July 1, 2023.
             Was a Follower of Okawaru.
             Slain by a wight
             ... wielding a +0 battleaxe of venom
              (9 damage)
             ... on level 6 of the Dungeon.
             The game lasted 00:02:50 (5423 turns).

qw the Cleaver (Gargoyle Fighter)                   Turns: 5423, Time: 00:02:50

Health: 0/56       AC: 17    Str: 23    XL:     9   Next: 9%
Magic:  10/12      EV: 10    Int: 10    God:    Okawaru [*.....]
Gold:   1040       SH:  6    Dex:  9    Spells: 8/8 levels left

rFire   + . .        Y - +1 war axe
rCold   . . .        a - +1 buckler {rF+}
rNeg    + . .        c - +0 chain mail
rPois   inf          (no helmet)
rElec   +            (no cloak)
rCorr   .            (no gloves)
SInv    .            (no boots)
Will    .....        (no amulet) Stlth
                     (no ring)
HPRegen 0.29/turn    (no ring)
MPRegen 0.13/turn

%: no passive effects
@: heroic
A: sickness immunity, AC +6, negative energy resistance 1, electricity
resistance, torment resistance 1, petrification resistance
a: Renounce Religion, Heroism


You were on level 6 of the Dungeon.
You worshipped Okawaru.
Okawaru was aware of your devotion.
You visited 1 branch of the dungeon, and saw 6 of its levels.

You collected 1040 gold pieces.


Innate Abilities, Weirdness & Mutations

You are immune to sickness and miasma.
Your stone body is resilient. (AC +6)
You are immune to poison.
You resist negative energy. (rN+)
You are resistant to electric shocks. (rElec)
You are resistant to unholy torment.
You are immune to petrification.


   Skills:
 - Level 6.3(11.3) Fighting
 + Level 8.5(13.5) Axes
 - Level 1.8(6.8) Throwing
 - Level 3.2(8.2) Armour
 - Level 1.0(6.0) Dodging
 - Level 3.2(8.2) Shields
 - Level 4.0 Invocations


You had 8 spell levels left.
You didn't know any spells.
Your spell library was empty.

Inventory:

Hand Weapons
 i - a +0 flail
 Y - a +1 war axe (weapon)
Missiles
 q - 8 boomerangs (quivered)
Armour
 a - a +1 buckler of fire resistance (worn)
 c - a +0 chain mail (worn)
 g - a +0 pair of boots
 h - a +0 pair of gloves
 j - a +0 helmet
 k - a +0 ring mail of cold resistance
Jewellery
 m - a ring of ice
Wands
 o - a wand of digging (7)
Scrolls
 l - a scroll of noise {unknown}
 r - a scroll of enchant armour
 s - 3 scrolls of identify
Potions
 b - a potion of magic {unknown}
 d - 2 potions of might
 e - a potion of invisibility {unknown}
 f - a potion of haste {unknown}
 n - a potion of mutation {unknown}
 p - 2 potions of curing
 u - a potion of lignification {unknown}

Dungeon Overview and Level Annotations

Branches:
Dungeon (6/15)             Temple (0/1) D:6

Altars:
Fedhas
Gozag
Makhleb
Nemelex Xobeh
Okawaru
Xom


Message History

You slash the hound!
You kill the hound!
Okawaru accepts your kill.
You completely miss the wight. You barely miss the wight.
The wight hits you with a +5 scimitar! The wight closely misses you.
5418 ||| INVOKING Heroism.
You gain the combat prowess of a mighty hero.
You block the wight's attack. The wight closely misses you.
The wight hits you but does no damage.
You closely miss the wight.
The wight is lightly damaged.
You hit the wight. The wight hits you but does no damage.
You block the wight's attack. The wight hits you but does no damage.
You slash the wight!
The wight is almost destroyed.
You closely miss the wight. The wight hits you but does no damage.
The wight barely misses you. The wight closely misses you.
A wight comes into view. It is wielding a +5 trident.
You slash the wight!
You destroy the wight!
Okawaru accepts your kill.
You barely miss the wight. You closely miss the wight.
The wight hits you but does no damage.
The wight hits you from afar with a +4 trident of freezing!
The wight freezes you. You block the wight's attack.
You slice the wight!!
You destroy the wight!
Okawaru accepts your kill.
You hit the wight but do no damage. You hit the wight.
The wight hits you with a +0 battleaxe of venom.
The wight hits you but does no damage.
The wight hits you with a +6 long sword of freezing!
The wight freezes you.
You hit the wight but do no damage.
The wight is lightly damaged.
You slash the wight! You closely miss the wight.
The wight hits you with a +0 battleaxe of venom!
You die...

##### #...# #######
#...# ....... #...#
$......
##...#########z......
#............@z...z..
#....#########zz.....
#....# ....... #....#
....... #.####
....... #.# .......
#.# #######
#.##########
#>..........


You could see 5 wights.

Vanquished Creatures
  A water moccasin (D:5)
  2 black bears (D:5)
  3 ice beasts
  4 ogres
  2 phantoms
  2 scorpions (D:6)
  2 wights (D:6)
  A jelly (D:4)
  4 hounds
  3 iguanas (D:5)
  Natasha (thrice) (D:3)
  Robin (D:3)
  3 gnolls (D:3)
  7 adders
  A shadow imp (D:6)
  3 worms
  14 orcs
  7 endoplasms
  4 giant cockroaches
  9 hobgoblins
  4 jackals (D:3)
  7 kobolds
  9 quokkas
  6 ball pythons
  3 bats
  3 frilled lizards
  16 goblins
  10 rats
134 creatures vanquished.

Notes
Turn   | Place    | Note
-------+----------+-------------------------------------------
     0 | D:1      | qw the Gargoyle Fighter began the quest for the Orb.
     0 | D:1      | Reached XP level 1. HP: 14/14 MP: 1/1
     0 | D:1      | 0 ||| qw: Version: 0.3-a-35-g05ef00e
     0 | D:1      | 0 ||| qw: Game counter: 7723
     0 | D:1      | 0 ||| qw: Melee chars always use a shield: true
     0 | D:1      | 0 ||| qw: God list: Okawaru
     0 | D:1      | 0 ||| qw: Allow faded altars: false
     0 | D:1      | 0 ||| qw: Do Orc after clearing Dungeon:15 true
     0 | D:1      | 0 ||| qw: Do second Lair branch before Depths: true
     0 | D:1      | 0 ||| qw: Lair rune preference: random
     0 | D:1      | 0 ||| qw: Goals: Normal, Zot:1-4, Slime:5, God:TSO, Crypt,
                  | Tomb, Abyss, Pan, Hells, Win
     0 | D:1      | 0 ||| PLANNING D:1-11
    23 | D:1      | Reached skill level 2 in Axes
    81 | D:1      | 81 ||| Stepping ~*~*~tactically~*~*~ (hiding).
    92 | D:1      | 92 ||| Stepping ~*~*~tactically~*~*~ (stealth).
   126 | D:1      | Found a faded altar of an unknown god.
   131 | D:1      | Reached XP level 2. HP: 19/19 MP: 2/2
   176 | D:1      | 176 ||| FLEEEEING.
   177 | D:1      | 177 ||| FLEEEEING.
   178 | D:1      | 178 ||| FLEEEEING.
   179 | D:1      | 179 ||| FLEEEEING.
   180 | D:1      | 180 ||| FLEEEEING.
   181 | D:1      | 181 ||| FLEEEEING.
   182 | D:1      | 182 ||| FLEEEEING.
   183 | D:1      | 183 ||| FLEEEEING.
   184 | D:1      | 184 ||| FLEEEEING.
   185 | D:1      | 185 ||| FLEEEEING.
   186 | D:1      | 186 ||| FLEEEEING.
   187 | D:1      | 187 ||| FLEEEEING.
   188 | D:1      | 188 ||| FLEEEEING.
   189 | D:1      | 189 ||| FLEEEEING.
   190 | D:1      | 190 ||| FLEEEEING.
   191 | D:1      | 191 ||| FLEEEEING.
   192 | D:1      | 192 ||| FLEEEEING.
   193 | D:1      | 193 ||| FLEEEEING.
   194 | D:1      | 194 ||| FLEEEEING.
   195 | D:1      | 195 ||| FLEEEEING.
   197 | D:1      | 197 ||| FLEEEEING.
   198 | D:1      | 198 ||| FLEEEEING.
   199 | D:1      | 199 ||| FLEEEEING.
   200 | D:1      | 200 ||| FLEEEEING.
   872 | D:2      | Found an iron altar of Okawaru.
   873 | D:2      | 873 ||| PLANNING OKAWARU WORSHIP
   873 | D:2      | 873 ||| READING 2 scrolls labelled DALOFECSISCHE.
   873 | D:2      | Identified 2 scrolls of acquirement
   873 | D:2      | 873 ||| ACQUIRING 786 gold pieces
   873 | D:2      | Acquired 786 gold pieces
   875 | D:2      | 875 ||| READING scroll of acquirement.
   875 | D:2      | 875 ||| ACQUIRING +1 buckler of fire resistance
   875 | D:2      | Acquired a +1 buckler of fire resistance
   877 | D:2      | 877 ||| UPGRADING to +1 buckler of fire resistance.
   887 | D:2      | 887 ||| DROPPING +0 buckler.
   902 | D:2      | Became a worshipper of Warmaster Okawaru
   903 | D:2      | 903 ||| PLANNING D:1-11
   987 | D:2      | Reached skill level 3 in Axes
   987 | D:2      | Reached XP level 3. HP: 17/23 MP: 3/3
   994 | D:2      | 994 ||| Stepping ~*~*~tactically~*~*~ (stealth).
  1029 | D:2      | 1029 ||| Stepping ~*~*~tactically~*~*~ (stealth).
  1401 | D:2      | 1401 ||| Stepping ~*~*~tactically~*~*~ (stealth).
  1416 | D:2      | Reached XP level 4. HP: 27/28 MP: 4/4
  1426 | D:2      | 1426 ||| UPGRADING to +0 ring mail of cold resistance.
  1579 | D:2      | 1579 ||| DROPPING amulet of magic regeneration.
  1580 | D:2      | 1580 ||| READING scroll labelled CEONGADGH MONURUC.
  1598 | D:2      | 1598 ||| READING 2 scrolls labelled WISCHY BIKUTSE.
  1601 | D:2      | 1601 ||| READING scroll labelled HEOKHL LENOAS XOSO.
  1655 | D:3      | Noticed Robin
  1664 | D:3      | Reached skill level 4 in Axes
  1668 | D:3      | 1668 ||| FLEEEEING.
  1669 | D:3      | 1669 ||| FLEEEEING.
  1670 | D:3      | 1670 ||| FLEEEEING.
  1671 | D:3      | 1671 ||| READING scroll of teleportation.
  1724 | D:3      | Noticed Natasha
  1732 | D:3      | Killed Natasha
  1840 | D:3      | Found an opulent altar of Gozag.
  1882 | D:3      | Noticed an ice beast
  1896 | D:3      | Killed an ice beast
  1897 | D:3      | Reached skill level 5 in Axes
  1897 | D:3      | Reached XP level 5. HP: 21/32 MP: 5/5
  1975 | D:3      | Noticed Natasha
  1984 | D:3      | Killed Natasha
  1984 | D:3      | Reached * piety under Okawaru
  1985 | D:3      | Reached skill level 1 in Dodging
  1985 | D:3      | Reached XP level 6. HP: 25/37 MP: 6/6
  2051 | D:3      | 2051 ||| INVOKING Heroism.
  2126 | D:3      | 2126 ||| DROPPING +0 club.
  2292 | D:3      | Killed Robin
  2293 | D:3      | 2293 ||| INVOKING Heroism.
  2310 | D:3      | Noticed Natasha
  2311 | D:3      | 2311 ||| FLEEEEING.
  2321 | D:3      | Killed Natasha
  2328 | D:3      | 2328 ||| FLEEEEING.
  2329 | D:3      | 2329 ||| FLEEEEING.
  2582 | D:3      | 2582 ||| Stepping ~*~*~tactically~*~*~ (stealth).
  2863 | D:3      | 2863 ||| DROPPING +0 scale mail.
  2864 | D:3      | 2864 ||| UPGRADING to +0 chain mail.
  2874 | D:3      | 2874 ||| DRINKING 2 dark potions.
  2875 | D:3      | 2875 ||| DRINKING 3 purple potions.
  2876 | D:3      | 2876 ||| DROPPING potion of degeneration.
  2907 | D:4      | 2907 ||| Stepping ~*~*~tactically~*~*~ (stealth).
  2919 | D:4      | 2919 ||| Stepping ~*~*~tactically~*~*~ (hiding).
  3058 | D:4      | Found a burning altar of Makhleb.
  3145 | D:4      | Reached skill level 6 in Axes
  3145 | D:4      | Reached XP level 7. HP: 38/43 MP: 7/7
  3260 | D:4      | 3260 ||| INVOKING Heroism.
  3261 | D:4      | 3261 ||| INVOKING Heroism.
  3517 | D:4      | Reached skill level 1 in Invocations
  3610 | D:4      | 3610 ||| Stepping ~*~*~tactically~*~*~ (stealth).
  3612 | D:4      | 3612 ||| Stepping ~*~*~tactically~*~*~ (stealth).
  3613 | D:4      | 3613 ||| Stepping ~*~*~tactically~*~*~ (stealth).
  3741 | D:4      | Found a blossoming altar of Fedhas.
  3741 | D:4      | Found a shimmering altar of Xom.
  3959 | D:4      | 3959 ||| READING scroll labelled SAYTWU OLARR.
  3960 | D:4      | 3960 ||| READING scroll labelled XIZUECOPISM.
  3961 | D:4      | 3961 ||| READING scroll labelled LECLIO XIGREPS.
  3962 | D:4      | 3962 ||| READING scroll labelled TIMAKIF WITAH.
  4015 | D:5      | Entered Level 5 of the Dungeon
  4182 | D:5      | Reached skill level 7 in Axes
  4198 | D:5      | 4198 ||| INVOKING Heroism.
  4206 | D:5      | Reached skill level 3 in Invocations
  4206 | D:5      | Reached XP level 8. HP: 47/48 MP: 6/10
  4262 | D:5      | 4262 ||| INVOKING Heroism.
  4387 | D:5      | 4387 ||| Stepping ~*~*~tactically~*~*~ (stealth).
  4389 | D:5      | 4389 ||| Stepping ~*~*~tactically~*~*~ (stealth).
  4391 | D:5      | 4391 ||| Stepping ~*~*~tactically~*~*~ (stealth).
  4558 | D:5      | Found a sparkling altar of Nemelex Xobeh.
  4752 | D:5      | Found an iron altar of Okawaru.
  4820 | D:5      | 4820 ||| READING scroll labelled ALIKUG CAOM.
  4821 | D:5      | 4821 ||| READING 2 scrolls labelled AQAKHUOWEM.
  4822 | D:5      | 4822 ||| READING scroll labelled WUFE GOFUATZ.
  4858 | D:6      | 4858 ||| Stepping ~*~*~tactically~*~*~ (hiding).
  4884 | D:6      | 4884 ||| INVOKING Heroism.
  4888 | D:6      | Reached skill level 1 in Throwing
  4944 | D:6      | Found a staircase to the Ecumenical Temple.
  4962 | D:6      | 4962 ||| INVOKING Heroism.
  4963 | D:6      | 4963 ||| Stepping ~*~*~tactically~*~*~ (stealth).
  5013 | D:6      | 5013 ||| INVOKING Heroism.
  5017 | D:6      | HP: 9/49 [ogre/+0 giant club (25)]
  5020 | D:6      | Reached skill level 8 in Axes
  5337 | D:6      | Reached skill level 6 in Fighting
  5337 | D:6      | Reached XP level 9. HP: 56/56 MP: 12/12
  5418 | D:6      | 5418 ||| INVOKING Heroism.
  5422 | D:6      | HP: 12/56 [wight/+6 long sword of freezing (9)]
  5423 | D:6      | Slain by a wight

Levels and vault maps discovered:
D:1:      heliophobic_arrival_ceremonial_halls, layout_rooms, serial_glass,
          glass_columns_b, glass_columns_a, glass_columns_a, glass_columns_c,
          glass_columns_c, feat_on_display, due_unseen_surprise,
          item_on_display_a, nicolae_ecumenical_lake_church
D:2:      layout_loops_cross, basic_altar, minivault_5, glass_columns_a,
          grunt_decor_arrowhead, serial_bayou_pond_e, minmay_surrounded
D:3:      layout_loops_corners, grunt_gozag_statues, uniq_natasha, uniq_robin
D:4:      layout_loops_ring, mainiacjoe_overflow_chevrons,
          gammafunk_temple_overflow_statue, grunt_decor_fettered,
          grunt_decor_resistance, minmay_fractal_squares_gapless_5
D:5:      nicolae_cairo_tiling, layout_rooms,
          hellmonk_okawaru_the_only_friend_you_need, kennysheep_mini,
          fountainhead, minmay_misc_feat_four_crosses,
          dreamdust_princess_corridor
D:6:      layout_basic, temple_statues

Skill      XL: |  1  2  3  4  5  6  7  8 |
---------------+-------------------------+-----
Axes           | 2 3 5 6 7 8 |  8.5
Dodging        | 1 |  1.0
Fighting       | 4 6 |  6.3
Invocations    | 3 4 |  4.0
Throwing       | 1 |  1.8
Armour         | |  3.2
Shields        | |  3.2

Action                     |  1- 3 |  4- 6 |  7- 9 || total
---------------------------+-------+-------+-------++-------
  Melee: War axe           |    85 |   151 |   196 ||   432
         Unarmed           |       |    13 |       ||    13
  Throw: Boomerang         |       |       |    20 ||    20
 Invoke: Heroism           |       |     2 |     7 ||     9
    Use: Scroll            |     2 |     4 |     7 ||    13
         Potion            |       |     2 |       ||     2
 Armour: Scale mail        |    55 |       |       ||    55
         Ring mail         |       |    58 |       ||    58
         Skin              |       |     6 |       ||     6
         Chain mail        |       |    13 |    95 ||   108
  Dodge: Dodged            |    25 |    85 |    62 ||   172
  Block: Buckler           |    16 |    33 |    40 ||    89

Table legend:
 A = Non-vault XP
 B = Vault XP
 C = Vault XP percentage of total XP
 D = Non-vault monster count
 E = Vault monster count
 F = Vault count percentage of total count
                 A         B        C        D         E       F
            +---------+---------+-------+---------+---------+-------
      Total |    2465 |      97 |   3.8 |     112 |      22 |  16.4
            +---------+---------+-------+---------+---------+-------
        D:1 |      28 |       0 |   0.0 |      18 |       0 |   0.0
        D:2 |      43 |      19 |  30.6 |      11 |       5 |  31.2
        D:3 |     342 |      72 |  17.4 |      29 |      14 |  32.6
        D:4 |     246 |       6 |   2.4 |      22 |       3 |  12.0
        D:5 |     711 |       0 |   0.0 |      16 |       0 |   0.0
        D:6 |    1095 |       0 |   0.0 |      16 |       0 |   0.0
            +---------+---------+-------+---------+---------+-------
